 Dungeon Crawl Stone Soup version 0.29-a0-334-gb41bcbb86e (webtiles) character file.

Game seed: 10340821955179069551

348 spaghetti the Ogre Mage (level 6, 0/53 HPs)
             Began as an Ogre Fire Elementalist on Apr 13, 2022.
             Was a Believer of Dithmenos.
             Slain by an iguana (9 damage)
             ... on level 4 of the Dungeon.
             The game lasted 00:04:00 (3671 turns).

spaghetti the Ogre Mage (Ogre Fire Elementalist)    Turns: 3671, Time: 00:04:00

Health: 0/53       AC:  3    Str: 13    XL:     6   Next: 60%
Magic:  5/16       EV:  9    Int: 18    God:    Dithmenos [**....]
Gold:   226        SH:  0    Dex:  9    Spells: 7/20 levels left

rFire   . . .      SeeInvis .   c - +0 dagger {short}
rCold   . . .      Faith    .   (no shield)
rNeg    . . .      Spirit   .   a - +0 robe
rPois   .          Reflect  .   (helmet restricted)
rElec   .          Harm     .   (no cloak)
rCorr   .          Rampage  .   (gloves unavailable)
Will    .....                   (boots unavailable)
Stlth   ++........              (no amulet)
HPRegen 0.17/turn               (no ring)
MPRegen 0.15/turn               (no ring)

@: wreathed by umbra
A: large, unfitting armour, tough skin 1
a: Renounce Religion, Shadow Step


You were on level 4 of the Dungeon.
You worshipped Dithmenos.
Dithmenos was pleased with you.
You visited 1 branch of the dungeon, and saw 4 of its levels.
You also visited: Sewer.

You collected 226 gold pieces.


Innate Abilities, Weirdness & Mutations

You are too large for most types of armour.
You have tough skin. (AC +1)


   Skills:
 - Level 1.7 Dodging
 - Level 1.4 Stealth
 + Level 7.5 Spellcasting
 - Level 0.8 Conjurations
 - Level 2.6 Fire Magic


You had 7 spell levels left.
You knew the following spells:

 Your Spells              Type           Power      Damage    Failure   Level
a - Foxfire               Conj/Fire      52%        2x1d6     4%          1
b - Scorch                Fire           32%        2d6       4%          2
c - Conjure Flame         Conj/Fire      13%        6-21      14%         3
d - Inner Flame           Hex/Fire       11%        N/A       19%         3
e - Flame Wave            Conj/Fire      13%        2d6       43%         4

Your spell library contained the following spells:

 Spells                   Type           Power      Damage    Failure   Level


Inventory:

Hand Weapons
 c - a +0 dagger (weapon) {short}
   (You took it off a kobold on level 1 of the Dungeon)
 e - a +0 dagger {short}
   (You took it off a goblin on level 1 of the Dungeon)
Missiles
 g - 102 stones {throwing}
 j - 11 poisoned darts {throwing}
 m - a boomerang {throwing}
Armour
 a - a +0 robe (worn)
Scrolls
 d - a scroll of fog {unknown}
 f - 2 scrolls of enchant armour {unknown}
 h - 2 scrolls of teleportation {unknown}
 i - 3 scrolls of identify {unknown}
 p - a scroll of summoning {unknown}
 q - a scroll of blinking {unknown}
 r - a scroll of magic mapping {unknown}
Potions
 b - a potion of magic
 k - a potion of might {unknown}
 l - 5 potions of flight {unknown}
 n - 2 potions of mutation {unknown}
 o - a potion of haste {unknown}

Dungeon Overview and Level Annotations

Branches:
Dungeon (4/15)              Sewer (visited)
 Temple: D:4-7

Altars:
Dithmenos

##
#..##.†###..# #
. #§.##..# ##.#
#.#K#§#..#.#
#.# .g#.§§...#
#.# ######'##
#.## hS#..†).#
#..# ## #.#.#.#
##.#
##.##.#†§#..#
#.##
.#...hl@#.#.#
##..###
##.######†....#
#.....# #..#
####### #.##..#
# ##..
##.#...## ###
#..# #.##....#
†.## #..#
##.#.....#
#..####..#
##.##.....#
##..##..##
#..#......#
##......#
##..#......#


You could see an iguana and a jackal.


Message History

Casting: Foxfire (safe; 4% risk of failure)
Confirm with . or Enter, or press ? or * to list all spells.
You conjure some foxfire!
You feel sick. The adder closely misses you.
The adder bites you but does no damage. x2; The adder bites you. 😮 HP[-3] MP[-1]
You take 3 damage, and now have 35/53 hp.
You lost 1 mp, and now have 13/16 mp.
You hit the adder.
You feel sick.
The foxfire hits the adder.
You kill the adder!
Dithmenos accepts your kill.
The foxfire hits the adder.
You kill the adder!
Dithmenos accepts your kill. The adder barely misses you.
The adder closely misses you. 😮 HP[-1]
You take 1 damage, and now have 34/53 hp.
Casting: Foxfire (safe; 4% risk of failure)
Confirm with . or Enter, or press ? or * to list all spells.
You conjure some foxfire!
You feel sick.
The adder barely misses you. 😮 HP[-1] MP[-1]
You take 1 damage, and now have 33/53 hp.
You lost 1 mp, and now have 12/16 mp.
Casting: Foxfire (safe; 4% risk of failure)
Confirm with . or Enter, or press ? or * to list all spells.
You conjure some foxfire!
You feel sick.
You are no longer poisoned.
The foxfire hits the adder.
The adder barely misses you. 😮 HP[-1] MP[-1]
You take 1 damage, and now have 32/53 hp.
You lost 1 mp, and now have 11/16 mp.
You hit the adder but do no damage.
The foxfire hits the adder. x2
You kill the adder!
Dithmenos accepts your kill.
The foxfire hits the dart slug.
Casting: Foxfire (safe; 4% risk of failure)
Confirm with . or Enter, or press ? or * to list all spells.
You conjure some foxfire!
Casting: Foxfire (safe; 4% risk of failure)
Confirm with . or Enter, or press ? or * to list all spells.
You conjure some foxfire!
The foxfire hits the dart slug.
The dart slug launches a dart at you. The slug dart hits you. 😮 MP[-1]
You lost 1 mp, and now have 10/16 mp.
Casting: Foxfire (safe; 4% risk of failure)
Confirm with . or Enter, or press ? or * to list all spells.
You conjure some foxfire!
The foxfire hits the dart slug.
You kill the dart slug!
Dithmenos accepts your kill.
The foxfire hits the iguana. 😮 MP[-1]
You lost 1 mp, and now have 9/16 mp.
Casting: Foxfire (safe; 4% risk of failure)
Confirm with . or Enter, or press ? or * to list all spells.
You conjure some foxfire!
The foxfire hits the iguana but does no damage.
The foxfire hits the iguana.
The iguana bites you!
* * * LOW HITPOINT WARNING * * *
😨 HP[-12] MP[-1]
You take 12 damage, and now have 20/53 hp.
MASSIVE DAMAGE!! (PAUSE)
You lost 1 mp, and now have 8/16 mp.
Casting: Foxfire (safe; 4% risk of failure)
Confirm with . or Enter, or press ? or * to list all spells.
You conjure some foxfire!
The foxfire hits the iguana.
The iguana barely misses you. 😨 MP[-1]
You lost 1 mp, and now have 7/16 mp.
Casting: Foxfire (safe; 4% risk of failure)
Confirm with . or Enter, or press ? or * to list all spells.
You conjure some foxfire!
The foxfire hits the iguana but does no damage.
The foxfire hits the iguana.
The iguana bites you!
* * * LOW HITPOINT WARNING * * *
😱 HP[-7] MP[-1]
You take 7 damage, and now have 13/53 hp.
You lost 1 mp, and now have 6/16 mp.
Casting: Foxfire (safe; 4% risk of failure)
Confirm with . or Enter, or press ? or * to list all spells.
You conjure some foxfire!
The foxfire hits the iguana but does no damage.
The foxfire hits the iguana.
The iguana bites you.
* * * LOW HITPOINT WARNING * * *
😱 HP[-3] MP[-1]
You take 3 damage, and now have 10/53 hp.
You lost 1 mp, and now have 5/16 mp.
You hit the iguana but do no damage.
The foxfire hits the iguana. x2
The iguana barely misses you. 😱 HP[+1] MP[+1]
Casting: Foxfire (safe; 4% risk of failure)
Confirm with . or Enter, or press ? or * to list all spells.
You conjure some foxfire!
The iguana bites you.
* * * LOW HITPOINT WARNING * * *
😱 HP[-2] MP[-1]
You take 2 damage, and now have 9/53 hp.
You lost 1 mp, and now have 5/16 mp.
Unknown command.
You hit the iguana but do no damage.
The foxfire hits the iguana. x2
The iguana bites you!
You die...

Skill      XL: |  1  2  3  4  5  6 |
---------------+-------------------+-----
Spellcasting   | 3 4 5 6 7 |  7.5
Dodging        | |  1.7
Stealth        | |  1.4
Conjurations   | |  0.8
Fire Magic     | |  2.6

Action                   |  1- 3 |  4- 6 || total
-------------------------+-------+-------++-------
Melee: Unarmed           |    13 |       ||    13
       Dagger            |    18 |    14 ||    32
 Cast: Foxfire           |    72 |   107 ||   179
Armor: Robe              |     9 |     7 ||    16
Dodge: Dodged            |    28 |    21 ||    49

Levels and vault maps discovered:
D:1:      tarquinn_simple_flora_water_d, layout_rooms, dreamdust_wishing_well,
          bh_walls_and_bars
D:2:      layout_basic, nicolae_ecumenical_pavilion, minivault_24,
          minmay_lizard_pond
D:3:      layout_basic, cheibrodos_sewer_entry_drain,
          nicolae_concentric_dashed_squares_wild, uniq_grinder, uniq_ijyb,
          uniq_natasha
D:4:      minmay_clustersquares, layout_cave_pods

Notes
Turn   | Place    | Note
-------+----------+-------------------------------------------
     0 | D:1      | spaghetti the Ogre Fire Elementalist began the quest for
                  | the Orb.
     0 | D:1      | Reached XP level 1. HP: 16/16 MP: 3/3
     0 | D:1      | magus.rc [v1.9.6]
   114 | D:1      | HP: 1/16 [quokka (4)]
   117 | D:1      | Reached skill level 3 in Spellcasting
   430 | D:1      | Reached XP level 2. HP: 24/24 MP: 1/6
  1316 | D:2      | Found a faded altar of an unknown god.
  1327 | D:2      | Reached skill level 4 in Spellcasting
  1327 | D:2      | Reached XP level 3. HP: 26/31 MP: 0/8
  1329 | D:2      | Prayed at the altar of an unknown god.
  1329 | D:2      | Became a worshipper of Dithmenos the Shadowed
  1329 | D:2      | Reached * piety under Dithmenos
  1910 | D:2      | Reached skill level 5 in Spellcasting
  1910 | D:2      | Reached XP level 4. HP: 33/39 MP: 6/11
  2677 | D:3      | Found a glowing drain.
  2686 | Sewer    | Entered a sewer
  2760 | Sewer    | Noticed a water moccasin
  2766 | Sewer    | Killed a water moccasin
  2766 | Sewer    | Reached ** piety under Dithmenos
  2767 | Sewer    | Reached skill level 6 in Spellcasting
  2767 | Sewer    | Reached XP level 5. HP: 45/45 MP: 5/13
  3075 | D:4      | Reached XP level 6. HP: 46/53 MP: 4/15
  3114 | D:4      | Learned a level 2 spell: Scorch
  3118 | D:4      | Learned a level 3 spell: Conjure Flame
  3122 | D:4      | Learned a level 3 spell: Inner Flame
  3127 | D:4      | Learned a level 4 spell: Flame Wave
  3311 | D:4      | Reached skill level 7 in Spellcasting
  3606 | D:4      | Noticed an ice beast
  3667 | D:4      | HP: 13/53 [iguana (7)]
  3671 | D:4      | Slain by an iguana

Vanquished Creatures
  A water moccasin (Sewer)
  A hound (D:2)
  2 orc wizards (D:4)
  3 gnolls (D:4)
  7 adders
  4 dart slugs
  A worm (D:3)
  5 orcs
  6 ball pythons
  6 endoplasms
  3 giant cockroaches
  2 goblins
  8 hobgoblins
  2 jackals (Sewer)
  4 kobolds
  3 quokkas
  A bat (D:2)
  A frilled lizard (D:1)
  5 rats
65 creatures vanquished.

Vanquished Creatures (others)
  309 foxfires
309 creatures vanquished.

Grand Total: 374 creatures vanquished

Table legend:
 A = Non-vault XP
 B = Vault XP
 C = Vault XP percentage of total XP
 D = Non-vault monster count
 E = Vault monster count
 F = Vault count percentage of total count
                 A         B        C        D         E       F
            +---------+---------+-------+---------+---------+-------
      Total |     287 |     211 |  42.4 |      52 |      13 |  20.0
            +---------+---------+-------+---------+---------+-------
        D:1 |      27 |       0 |   0.0 |      15 |       0 |   0.0
        D:2 |      95 |       0 |   0.0 |      19 |       0 |   0.0
        D:3 |       5 |       7 |  58.3 |       2 |       3 |  60.0
        D:4 |     160 |      53 |  24.9 |      16 |       7 |  30.4
      Sewer |       0 |     151 | 100.0 |       0 |       3 | 100.0
            +---------+---------+-------+---------+---------+-------

Illustrated notes

Table legend:
 A = Kills in this place as a percentage of kills in entire the game.
 B = Kills by you in this place as a percentage of kills by you in the entire game.
 C = Kills by friends in this place as a percentage of kills by friends in the entire game.
 D = Other kills in this place as a percentage of other kills in the entire game.
 E = Experience gained in this place as a percentage of experience gained in the entire game.
 F = Experience gained in this place divided by the number of levels of this place that you have seen.
                   A       B       C       D       E      F
               +-------+-------+-------+-------+-------+----------------------
         Total | 100.0 | 100.0 |   N/A |   N/A | 100.0 |  99.6
       Dungeon |  95.4 |  95.4 |   N/A |   N/A |  69.7 |  86.8
         Sewer |   4.6 |   4.6 |   N/A |   N/A |  30.3 | 151.0
               +-------+-------+-------+-------+-------+----------------------

Table legend: (Time is in decaauts)
 A = Elapsed time spent in this place.
 B = Non-inter-level travel time spent in this place.
 C = Inter-level travel time spent in this place.
 D = Time resting spent in this place.
 E = Time spent auto-exploring this place.
 F = Levels seen in this place.
 G = Mean time per level.
                   A        B        C        D        E       F      G
               +--------+--------+--------+--------+--------+-----+--------+
         Total |   3681 |   3572 |    109 |    171 |   2957 |   5 |  736.2 |
       Dungeon |   3454 |   3345 |    109 |    171 |   2764 |   4 |  863.5 |
         Sewer |    227 |    227 |      0 |      0 |    192 |   1 |  227.0 |
               +--------+--------+--------+--------+--------+-----+--------+

Top non-repeatable levels by time:
     D:1: 1315 daAuts
     D:2: 1042 daAuts
     D:4: 612 daAuts
     D:3: 483 daAuts
   Sewer: 227 daAuts
